Map: Nightscape LE

Players

Oroch - Winner!

  • Race: Terran Terran
  • League: Diamond
  • Spawn Location: 1:00

МадамЯна - Winner!

  • Race: Terran Terran
  • Spawn Location: 1:00

Massa

  • Race: Terran Terran
  • League: Platinum
  • Spawn Location: 7:00

qqq

  • Race: Zerg Zerg
  • Spawn Location: 7:00

VOD

Have the link to the VOD?

Description

Time

  • Played on: Oct. 3, 2020, 3:10 p.m.
  • Length: 10:25
Show
View Real Time Build Order
Export as new Build Order

Oroch Terran - Winner!

Build Orders: 2 Factory, Hellion Opening 

Get SALT Encoding   

  12  0:00  SCV  
  13  0:12  SCV  
  14  0:17  Supply Depot  
  14  0:26  Refinery  
  14  0:29  SCV  
  15  0:41  Barracks  
  15  0:45  SCV  
  16  0:52  Refinery  
  16  0:58  SCV  
  17  1:10  SCV  
  18  1:22  SCV  
  18  1:25  Supply Depot  
  19  1:28  Barracks Reactor  
  19  1:36  Factory  
  19  1:50  Orbital Command  
  19  2:06  Marine x2  
  21  2:18  SCV  
  21  2:21  Factory  
  22  2:36  Hellion x2  
  26  2:38  Barracks Reactor  
  26  2:40  SCV  
  27  2:45  Supply Depot  
  27  2:58  Hellion x2  
  31  3:07  Supply Depot  
  31  3:20  Hellion  
  31  3:21  Hellion  
  31  3:23  Barracks Reactor  
  31  3:26  Barracks Tech Lab  
  35  3:27  Hellion  
  37  3:37  Hellion  
  37  3:40  SCV  
  40  3:52  Hellion x2  
  46  3:56  Hellion  
  46  4:01  Supply Depot  
  44  4:27  Hellion  
  44  4:28  Hellion x3  
  46  4:49  Hellion  
  46  4:51  Hellion x3  
  54  5:10  Hellion  
  54  5:14  Hellion  
  54  5:15  Hellion  
  54  5:18  Supply Depot  
  46  5:39  Hellion x3  
  46  6:06  Marine  
  39  6:39  Command Center  
  39  6:43  Engineering Bay  
  39  6:49  Marine x2  
  39  6:52  Cyclone  
  44  6:57  Widow Mine x2  
  48  7:07  Marine x2  
  50  7:13  Mag-Field Accelerator  
  50  7:19  Missile Turret  
  50  7:24  Marine x2, Missile Turret  
  50  7:29  Cyclone  
  55  7:42  Marine x2  
  57  7:44  Armory  
  57  8:13  Marine  
  57  8:14  Marine  
  57  8:17  Cyclone  
  57  8:18  Hellion x2  
  66  8:25  Missile Turret  
  66  8:31  Marine x2  
  66  8:49  Marine x2  
  68  8:56  Hellion x2  
  75  9:02  Cyclone  
  75  9:07  Marine x2  
  75  9:17  Hellion  
  75  9:25  Marine x2  
  77  9:40  Cyclone  
  77  9:42  Marine  
  78  10:13  Supply Depot  
  78  10:14  Supply Depot  
Show
View Real Time Build Order
Export as new Build Order

МадамЯна Terran - Winner!

Build Orders: 2 Factory, Hellion Opening 

Get SALT Encoding   

  12  0:03  SCV  
  13  0:16  Supply Depot  
  13  0:18  SCV  
  14  0:30  Refinery, SCV  
  15  0:41  Refinery  
  15  0:42  SCV  
  16  0:54  Barracks  
  16  1:00  SCV  
  17  1:12  SCV  
  18  1:24  SCV  
  19  1:36  SCV  
  20  1:44  Factory  
  20  1:47  Factory  
  20  1:48  Marine  
  21  2:00  SCV  
  22  2:21  Orbital Command  
  22  2:29  Factory Reactor  
  22  2:31  Factory Reactor  
  22  2:35  Supply Depot  
  22  2:41  Supply Depot  
  22  2:50  SCV  
  23  2:57  Supply Depot  
  23  3:07  Hellion x2  
  23  3:09  Hellion  
  23  3:10  Hellion  
  31  3:28  Hellion x2  
  31  3:31  Hellion  
  37  3:34  Hellion  
  39  3:44  SCV  
  40  3:54  Hellion x2  
  44  4:00  Hellion  
  46  4:08  Supply Depot  
  46  4:29  Hellion  
  35  5:13  Hellion x3  
  35  5:14  Hellion  
  35  5:34  Hellion  
  35  5:35  Hellion x3  
  41  5:47  Engineering Bay  
  41  5:48  Marine  
  40  6:06  Marine  
  41  6:24  Marine  
  34  6:48  Missile Turret  
  34  6:49  Missile Turret  
  32  6:57  Missile Turret x2  
  32  6:59  Marine  
  29  7:02  Hellion x2  
  29  7:03  Hellion x2  
  35  7:16  Marine  
  36  7:23  Hellion  
  36  7:24  Hellion x2  
  36  7:25  Hellion  
  44  7:34  Marine  
  44  7:52  Marine  
  44  7:55  Hellion  
  44  7:56  Hellion x3  
  53  8:04  SCV  
  54  8:10  Marine  
  55  8:25  Hellion  
  46  8:52  Hellion x4  
  47  9:13  Hellion x3  
  47  9:14  Hellion  
  42  9:53  Hellion x4  
Show
View Real Time Build Order
Export as new Build Order

Massa Terran 

Build Orders:  

Get SALT Encoding   

  12  0:00  SCV  
  13  0:12  SCV  
  14  0:22  Supply Depot  
  14  0:24  SCV  
  15  0:43  SCV  
  15  0:45  Barracks  
  16  0:52  Refinery  
  16  0:56  SCV  
  17  1:07  Refinery  
  17  1:08  SCV  
  18  1:20  SCV  
  19  1:32  SCV  
  20  1:34  Reaper  
  21  1:44  Command Center  
  21  1:53  Orbital Command  
  21  2:05  Supply Depot  
  21  2:06  Marine  
  22  2:20  SCV  
  23  2:32  Factory  
  23  2:33  Barracks Reactor  
  23  2:34  Supply Depot  
  23  2:38  SCV  
  24  2:47  Engineering Bay  
  24  2:50  SCV  
  25  2:55  Orbital Command  
  25  3:02  SCV  
  26  3:09  Marine  
  26  3:10  Marine  
  28  3:14  SCV  
  28  3:18  Missile Turret  
  29  3:23  Starport  
  29  3:24  Factory Tech Lab  
  29  3:27  Marine x2  
  32  3:34  SCV  
  32  3:35  SCV  
  33  3:45  Marine x2  
  35  3:51  Supply Depot, Siege Tank  
  38  3:59  Missile Turret  
  38  4:03  Marine x2  
  38  4:04  Missile Turret  
  38  4:07  Medivac  
  26  4:33  Marine x2  
  10  4:47  SCV x2  
  10  4:50  Marine  
  10  4:51  Marine  
  12  4:59  SCV  
  14  5:04  Orbital Command  
  13  5:08  Marine x2  
  13  5:11  SCV  
  14  5:19  Liberator  
  15  5:23  SCV  
  16  5:31  SCV  
  17  5:42  Widow Mine  
  18  5:53  Supply Depot  
  18  5:55  Supply Depot  
  18  5:58  Supply Depot  
  18  6:03  Widow Mine, SCV  
  17  6:15  SCV  
  17  6:16  SCV  
  15  6:27  SCV  
  15  6:28  SCV  
  17  6:39  SCV, Supply Depot  
  18  6:40  SCV  
  19  6:50  Supply Depot  
  19  6:51  SCV  
  19  6:52  SCV  
  21  7:00  Refinery  
  21  7:01  Refinery  
  21  7:03  SCV  
  21  7:04  SCV, Marine x2  
  26  7:15  SCV  
  26  7:16  SCV  
  27  7:27  SCV  
  27  7:28  SCV  
  31  7:30  Widow Mine  
  31  7:39  SCV  
  31  7:40  SCV  
  31  7:41  Marine x2  
  35  7:52  Widow Mine, SCV x2  
  35  7:56  Refinery x2  
  39  7:59  Marine x2  
  39  8:04  SCV x2  
  43  8:13  Widow Mine  
  43  8:16  SCV, Marine  
  43  8:17  SCV, Marine  
  49  8:24  Supply Depot  
  49  8:28  SCV  
  49  8:29  SCV  
  51  8:34  Marine  
  51  8:40  SCV  
  29  9:18  Barracks  
  29  9:19  Starport  
  29  9:23  Starport  
  29  9:26  Barracks  
  29  9:29  Barracks  
  20  9:53  Orbital Command, Marine  
  21  10:00  Starport Tech Lab  
  21  10:03  Starport Tech Lab  
  21  10:06  Marine  
Show
View Real Time Build Order
Export as new Build Order

qqq Zerg 

Build Orders: Hatch First 

Get SALT Encoding   

  12  0:00  Drone  
  13  0:10  Drone  
  14  0:37  Hatchery  
  14  0:42  Drone  
  14  0:56  Spawning Pool  
  13  1:03  Overlord  
  13  1:08  Drone  
  14  1:11  Extractor  
  14  1:15  Drone  
  14  1:27  Drone  
  14  1:28  Drone  
  16  1:37  Drone  
  17  1:43  Queen  
  19  1:50  Drone  
  19  1:52  Drone  
  21  2:13  Drone x2  
  23  2:16  Metabolic Boost  
  23  2:23  Drone x2  
  23  2:25  Drone  
  23  2:26  Drone  
  27  2:32  Drone  
  28  2:41  Overlord  
  28  2:44  Extractor  
  27  2:53  Drone  
  27  2:57  Lair  
  28  2:58  Queen  
  28  3:00  Drone x2  
  28  3:02  Overlord  
  28  3:05  Drone  
  33  3:08  Drone  
  33  3:10  Drone  
  35  3:16  Zergling x2  
  35  3:18  Overlord  
  36  3:21  Drone  
  38  3:27  Zergling x2  
  38  3:28  Drone  
  39  3:38  Zergling x2  
  39  3:39  Drone  
  41  3:49  Drone  
  42  3:56  Drone  
  42  3:57  Spire  
  42  3:59  Drone  
  43  4:04  Zergling x4  
  43  4:05  Zergling x2, Overlord  
  46  4:14  Zergling x2  
  47  4:18  Zergling x4  
  47  4:19  Roach Warren, Zergling x4  
  47  4:25  Spine Crawler  
  47  4:30  Spine Crawler x2  
  47  4:31  Spine Crawler  
  41  4:35  Queen  
  41  4:42  Zergling x2  
  41  4:43  Zergling x10  
  36  4:53  Zergling x2  
  26  5:01  Zergling x4  
  19  5:09  Mutalisk x2  
  19  5:25  Drone  
  8  5:52  Drone x2  
  10  6:22  Drone  
  9  6:44  Drone  
  10  7:10  Drone  
  11  7:23  Drone  
  10  7:53  Drone x3  
  13  8:20  Mutalisk x2  
  15  8:42  Mutalisk x2  
  18  9:32  Drone  
  18  9:33  Drone  
  18  9:35  Drone x3  
  21  10:01  Drone x2  
Tags
 
Add a new tag
Caveats
  • Supply blocks, unpowered buildings, or Contaminate may cause inaccurate times.
  • Supply counts are checked every 10 seconds.